 Dungeon Crawl Stone Soup version 0.27.1-33-g824d729ab1 (webtiles) character file.

Game seed: 15436576154380362417

1634 zeram the Ogre Mage (level 8, 0/112 HPs)
             Began as an Ogre Ice Elementalist on Dec 5, 2021.
             Was an Initiate of Gozag.
             Succumbed to ces's ghost's poison
             ... on level 6 of the Dungeon.
             The game lasted 00:18:37 (9030 turns).

zeram the Ogre Mage (Ogre Ice Elementalist)         Turns: 9030, Time: 00:18:37

Health: 0/112      AC: 16    Str: 13    XL:     8   Next: 98%
Magic:  20/20      EV: 10    Int: 18    God:    Gozag
Gold:   221        SH:  0    Dex:  9    Spells: 12/23 levels left

rFire    . . .     SeeInvis +   l - +1 giant spiked club
rCold    . . .     Faith    .   (shield currently unavailable)
rNeg     . . .     Spirit   .   a - +2 robe
rPois    .         Reflect  .   (helmet restricted)
rElec    .         Harm     .   (no cloak)
rCorr    .         Rampage  .   (gloves unavailable)
Will     +....                  (boots unavailable)
Stlth    ..........             (no amulet)
HPRegen  0.28/turn              f - ring of see invisible
MPRegen  0.17/turn              j - +4 ring of protection

@: berserking (expiring), lethally poisoned (0 -> -10), ice-armoured, very quick
A: large, unfitting armour, tough skin 1, horns 1, strong-willed 1
a: Renounce Religion, Potion Petition, Call Merchant, Bribe Branch


You were on level 6 of the Dungeon.
You worshipped Gozag.
Gozag was aware of your devotion.
You visited 2 branches of the dungeon, and saw 7 of its levels.
You also visited: Ossuary.

You collected 315 gold pieces.
You paid 94 gold pieces to Gozag.

Inventory:

Hand Weapons
 c - a +0 dagger
 d - a +0 rapier
 h - a +2 dagger of freezing
 l - a +1 giant spiked club (weapon)
Armour
 a - a +2 robe (worn)
Jewellery
 f - a ring of see invisible (left hand)
 j - a +4 ring of protection (right hand)
Wands
 k - a wand of acid (7)
 m - a wand of flame (54)
Scrolls
 o - a scroll of fear
Potions
 b - a potion of attraction
 e - 2 potions of brilliance
 i - a potion of degeneration


   Skills:
 + Level 3.4 Fighting
 + Level 3.1 Dodging
 - Level 1.4 Stealth
 + Level 8.2 Spellcasting
 + Level 7.6 Ice Magic


You had 12 spell levels left.
You knew the following spells:

 Your Spells              Type           Power      Damage    Failure   Level
a - Freeze                Ice            100%       1d11      1%          1
b - Frozen Ramparts       Ice            68%        1d8       1%          3
c - Ozocubu's Armour      Ice            34%        N/A       1%          3
d - Hailstorm             Conj/Ice       21%        3d6       21%         4

Your spell library contained the following spells:

 Spells                   Type           Power      Damage    Failure   Level


Dungeon Overview and Level Annotations

Branches:
Dungeon (6/15)             Temple (1/1) D:6         Ossuary (visited)

Altars:
Ashenzari
Cheibriados
Dithmenos
Elyvilon
Fedhas
Gozag
Hepliaklqana
Kikubaaqudgha
Makhleb
Nemelex Xobeh
Okawaru
Qazlal
Sif Muna
Trog
Uskayaw
Vehumet
Wu Jian
Xom
Yredelemnul
Zin
The Shining One

Shops:
D:1 (

Annotations:
D:6 ces's ghost, novice SpBr


Innate Abilities, Weirdness & Mutations

You are too large for most types of armour.
You have tough skin. (AC +1)
You have a pair of small horns on your head.
You are strong-willed. (Will+)


Message History

You closely miss ces's ghost.
Ces's ghost is lightly damaged.
* * * LOW HITPOINT WARNING * * *
You feel very sick.
Your centaur hits ces's ghost but does no damage.
Your centaur misses ces's ghost. Ces's ghost barely misses you.
Your adder bites ces's ghost but does no damage.
Your centaur misses ces's ghost.
Your centaur kicks ces's ghost.
You miss ces's ghost.
Ces's ghost is lightly damaged.
* * * LOW HITPOINT WARNING * * *
You feel very sick.
Your adder completely misses ces's ghost.
Ces's ghost hits you.
* * * LOW HITPOINT WARNING * * *
Your centaur misses ces's ghost.
Your centaur completely misses ces's ghost.
Your adder bites ces's ghost.
Ces's ghost barely misses you.
You closely miss ces's ghost.
Ces's ghost is lightly damaged.
* * * LOW HITPOINT WARNING * * *
You feel sick.
Your centaur misses ces's ghost.
Your centaur kicks ces's ghost but does no damage.
Your adder bites ces's ghost.
Your centaur barely misses ces's ghost.
Your centaur kicks ces's ghost.
Ces's ghost completely misses you.
You closely miss ces's ghost.
Ces's ghost is moderately damaged.
* * * LOW HITPOINT WARNING * * *
You feel sick.
Your adder barely misses ces's ghost.
Your centaur misses ces's ghost.
Your centaur completely misses ces's ghost.
Ces's ghost hits you but does no damage.
You are more poisoned.
Your adder completely misses ces's ghost.
Your centaur hits ces's ghost but does no damage.
Your centaur completely misses ces's ghost.
You closely miss ces's ghost. Your headbutt misses ces's ghost.
Ces's ghost is moderately damaged.
You die...
Your body crumbles into a pile of gold.

..........#....#...#.(.......##..
......##..##..###..#............#
..........##.....#######.....##.#
.................#(..(.#.........
..............##.#...(.#......#.#
..........#...#..'.?...#......#..
.........###....c'....(#........#
.....<...# ##...SW..(..#...#.##..
.........####...@#!...8##..#....#
##......###......#.....###.#.#...
##......##.(.....#######.#.#.#.##
####.....................#.#.....
..........#...#.###.#........#...
............#######.##...##.....#
.........).#######.......###.....
........##..........###...#......
#......(#.........####....#..(...


You could see ces's ghost (ally target), a friendly centaur (summoned) and a
friendly adder (summoned).

Vanquished Creatures
  Sigmund (D:4)
  Menkaure (D:5)
  A black bear (D:5)
  2 ogres
  2 elf zombies (Ossuary)
  A bullfrog (D:6)
  2 scorpions
  A water moccasin skeleton (D:5)
  2 centaur zombies (Ossuary)
  A jelly (D:4)
  An orc priest (D:5)
  A centaur skeleton (D:6)
  2 hounds
  2 iguanas (D:4)
  Terence (D:2)
  Natasha (thrice) (D:4)
  3 orc wizards
  A hound zombie (Ossuary)
  A hound skeleton (D:5)
  4 mummies
  5 adders
  3 gnolls (D:1)
  A howler monkey skeleton (D:4)
  2 white imps
  An ufetubus (D:4)
  2 adder zombies (Ossuary)
  2 worms (D:2)
  2 dart slugs
  10 orcs
  6 endoplasms
  3 giant cockroaches
  2 gnoll zombies (Ossuary)
  7 goblins
  3 hobgoblins
  4 jackals (D:1)
  5 kobolds
  A quokka (D:3)
  8 ball pythons
  5 bats
  8 frilled lizards
  3 goblin zombies (Ossuary)
  6 hobgoblin zombies
  3 jackal zombies (Ossuary)
  6 kobold zombies (Ossuary)
  3 orc zombies
  2 quokka zombies (Ossuary)
  6 rats
  2 rat zombies (Ossuary)
144 creatures vanquished.

Notes
Turn   | Place    | Note
-------+----------+-------------------------------------------
     0 | D:1      | zeram the Ogre Ice Elementalist began the quest for the
                  | Orb.
     0 | D:1      | Reached XP level 1. HP: 16/16 MP: 3/3
    17 | D:1      | Found Tyczeyfe's Antique Weapon Emporium.
   178 | D:1      | Reached XP level 2. HP: 19/24 MP: 0/5
   784 | D:1      | Reached XP level 3. HP: 28/31 MP: 6/6
  1172 | D:1      | Learned a level 3 spell: Frozen Ramparts
  1549 | D:2      | Noticed Terence
  1563 | D:2      | Killed Terence
  1564 | D:2      | Reached XP level 4. HP: 35/39 MP: 1/8
  1717 | D:2      | Reached skill level 5 in Ice Magic
  2582 | D:1      | Learned a level 3 spell: Ozocubu's Armour
  2916 | D:1      | Reached skill level 3 in Spellcasting
  2916 | D:1      | Reached XP level 5. HP: 31/45 MP: 1/10
  3543 | D:3      | Found a white marble altar of Elyvilon.
  3815 | D:3      | Reached skill level 4 in Spellcasting
  4242 | D:3      | Found a broken altar of Ashenzari.
  4335 | D:3      | Found a shimmering blue altar of Sif Muna.
  4512 | D:4      | Reached XP level 6. HP: 40/53 MP: 6/12
  4851 | D:4      | Noticed Natasha
  4855 | D:4      | Killed Natasha
  5235 | D:4      | Reached skill level 5 in Spellcasting
  5325 | D:4      | Noticed Sigmund
  5343 | D:4      | Killed Sigmund
  5344 | D:4      | Reached XP level 7. HP: 49/59 MP: 8/15
  5708 | D:4      | Noticed Natasha
  5714 | D:4      | Killed Natasha
  5861 | D:4      | Noticed Natasha
  5867 | D:4      | Killed Natasha
  5952 | D:5      | Entered Level 5 of the Dungeon
  5962 | D:5      | Reached skill level 6 in Spellcasting
  6044 | D:4      | Learned a level 4 spell: Hailstorm
  6323 | D:5      | Noticed Menkaure
  6339 | D:5      | Gained mutation: Your magical capacity is low. (-10% MP)
                  | [potion of mutation]
  6339 | D:5      | Gained mutation: You are clumsy. (Dex -2) [potion of
                  | mutation]
  6339 | D:5      | Gained mutation: You have a pair of small horns on your
                  | head. [potion of mutation]
  6345 | D:5      | Killed Menkaure
  6346 | D:5      | Reached skill level 7 in Spellcasting
  6346 | D:5      | Reached XP level 8. HP: 16/67 MP: 10/16
  6841 | D:5      | Found a burning altar of Makhleb.
  6981 | D:5      | Found a snail-covered altar of Cheibriados.
  7047 | D:6      | Found a runed translucent gate.
  7051 | D:6      | Found a runed translucent gate.
  7051 | D:6      | Noticed ces's ghost (novice SpBr)
  7052 | D:6      | Found a runed translucent gate.
  7109 | D:6      | Found a sand-covered staircase.
  7132 | Ossuary  | Entered an ossuary
  7359 | Ossuary  | Lost mutation: Your magical capacity is low. (-10% MP)
                  | [potion of mutation]
  7359 | Ossuary  | Lost mutation: You are clumsy. (Dex -2) [potion of
                  | mutation]
  7359 | Ossuary  | Gained mutation: You are strong-willed. (Will+) [potion of
                  | mutation]
  7484 | Ossuary  | Reached skill level 1 in Fighting
  7501 | Ossuary  | Reached skill level 8 in Spellcasting
  8379 | D:6      | Found a staircase to the Ecumenical Temple.
  8751 | Temple   | Entered the Ecumenical Temple
  8903 | Temple   | Became a worshipper of Gozag Ym Sagoz the Greedy
  9028 | D:6      | HP: 5/112 [poisoned by ces's ghost]
  9030 | D:6      | Succumbed to ces's ghost's poison

Illustrated notes

Levels and vault maps discovered:
D:1:      heliophobic_arrival_ceremonial_halls, layout_basic, serial_shops,
          nicolae_shop_stone
D:2:      layout_loops_corners, uniq_terence
D:3:      layout_loops_ring, elyvilon_altar_3, mainiacjoe_overflow_alcove_2,
          mainiacjoe_overflow_surrounded_room
D:4:      layout_loops_corners, uniq_sigmund, uniq_natasha
D:5:      layout_rooms, kennysheep_slug_shrine, makhleb_altar_promises_db,
          uniq_menkaure
D:6:      layout_cave_pools, minmay_temple_entry_ruins,
          ebering_ghost_rock_garden, nicolae_ossuary_entry_giza
Temple:   regret_index_temple_sphere_string

Skill      XL: |  1  2  3  4  5  6  7  8 |
---------------+-------------------------+-----
Ice Magic      | 4 5 6 7 |  7.6
Spellcasting   | 3 4 5 7 8 |  8.2
Fighting       | 3 |  3.4
Dodging        | 3 |  3.1
Stealth        | |  1.4

Action                   |  1- 3 |  4- 6 |  7- 9 || total
-------------------------+-------+-------+-------++-------
Melee: Dagger            |     7 |    30 |    52 ||    89
       Unarmed           |     1 |       |       ||     1
       Rapier            |    54 |    92 |       ||   146
       Headbutt          |       |       |    27 ||    27
       Giant spiked club |       |       |   218 ||   218
 Cast: Freeze            |    33 |    24 |     9 ||    66
       Frozen Ramparts   |       |     6 |    12 ||    18
       Ozocubu's Armour  |       |     4 |     7 ||    11
  Use: Scroll            |     5 |     3 |     6 ||    14
       Potion            |     2 |     2 |     7 ||    11
 Stab: Sleeping          |     4 |     1 |     1 ||     6
Armor: Robe              |    39 |    59 |   246 ||   344
Dodge: Dodged            |    47 |    71 |   195 ||   313
